cohdb
Replays
Latest Replays
All Replays
Popular Replays
Top Player Replays
Match Explorer
How It Works
Community
CoH3 Stats
Reddit
Sign in to upload your games and track your stats! →
Sign in with Steam
Match 45937143
Unlisted
Match 45937143
Overview
Messages
Build Orders
End
Kradschützen Motorcycle Team
250 Light Carrier
Panzergrenadier Squad
Construct Light Support Kompanie
250 Light Carrier
Combat Half-tracks
Selects Panzerjäger Kommand Battlegroup
Selects Panzerjäger Kommand Battlegroup
Selects GrB 39 Grenade Launcher Requisition
MG34 Team
Fire Support Elements
Assault Mechanized Group
Pak 38 Anti-tank Gun Team
Flakvierling Half-track
MG34 Team
Panzerjäger Mechanized Group
Construct Mechanized Kompanie
2.5-tonne Medical Truck
Brother
SoF Ya Nos
0
0
Comments
sign in to comment!
No comments posted yet!